PAAA
ROYSE CITY TARGARYENS @ HOUSTON BC
08/01/2028
 
TOP OF THE 1ST
Royse City Targaryens batting - Pitching for Houston BC : LHP Mike Owens
Pitching: LHP Mike Owens
Batting: RHB José Cruz 0-0: Called Strike
0-1: Ball
1-1: Ball
2-1: Swinging Strike
2-2: Strikes out swinging
Batting: RHB Jason Compton 0-0: Called Strike
0-1: Foul Ball, location: 2F
0-2: Foul Ball, location: 2F
0-2: Ball
1-2: Foul Ball, location: 2F
1-2: DOUBLE (Line Drive, 9LD)
Batting: RHB Chriss Mann 0-0: SINGLE (Groundball, 5D)
Jason Compton to third
Runner from 3rd tries for Home, SAFE, throw made home
Chriss Mann to second
Batting: RHB Javier Chávez 0-0: Ball
1-0: Called Strike
1-1: Called Strike
1-2: Ball
2-2: Ground out 4-3 (Groundball, 4)
Chriss Mann to third
Batting: LHB Gonzalo Álvarez 0-0: Swinging Strike
0-1: Called Strike
0-2: Ball
1-2: Strikes out swinging
Top of the 1st over - 1 run(s), 2 hit(s), 0 error(s), 1 left on base; Royse City 1 - Houston 0
BOTTOM OF THE 1ST
Houston BC batting - Pitching for Royse City Targaryens : RHP Enea Dini
Pitching: RHP Enea Dini
Batting: RHB Habbo Allaart 0-0: Ball
1-0: Ball
2-0: Ball
3-0: Called Strike
3-1: Base on Balls
Batting: LHB Stefan Vanderhoof Pickoff Throw to First - Error! E1
Habbo Allaart to second
0-0: Ground out 4-3 (Groundball, 4M)
Habbo Allaart to third
Batting: RHB Joseph Gray 0-0: Ball
1-0: Foul Ball, location: 2F
1-1: SINGLE (Groundball, 6D)
Habbo Allaart scores
Batting: LHB Enrique Sánchez 0-0: Ball
1-0: Called Strike
1-1: Ball
2-1: Ball
3-1: DOUBLE (Flyball, 89XD)
Joseph Gray to third
Batting: RHB Jesús Villalba 0-0: Ball
1-0: Ground out 6-3 (Groundball, 6S)
Joseph Gray scores
Enrique Sánchez to third
Batting: RHB José Muńóz 0-0: Foul Ball, location: 2F
0-1: Fly out, F6 (Line Drive, 56)
Bottom of the 1st over - 2 run(s), 2 hit(s), 1 error(s), 1 left on base; Royse City 1 - Houston 2
TOP OF THE 2ND
Royse City Targaryens batting - Pitching for Houston BC : LHP Mike Owens
Batting: LHB Terrence Eler 0-0: SINGLE (Groundball, 56D)
Batting: LHB Steven Mitchell 0-0: Grounds into double play, 4-6-3 (Groundball, 4)
Batting: RHB Fernando Rivera 0-0: Ball
1-0: Called Strike
1-1: Ball
2-1: Foul Ball, location: 2F
2-2: Foul Ball, location: 2F
2-2: SINGLE (Groundball, 56S) (infield hit)
Batting: RHB Héctor Ruíz 0-0: Ball
1-0: Called Strike
1-1: Fielders Choice at 2nd, 4-6 (Groundball, 34)
Top of the 2nd over - 0 run(s), 2 hit(s), 0 error(s), 0 left on base; Royse City 1 - Houston 2
BOTTOM OF THE 2ND
Houston BC batting - Pitching for Royse City Targaryens : RHP Enea Dini
Batting: RHB Felipe Jiménez 0-0: Ball
1-0: Foul Ball, location: 2F
1-1: Ball
2-1: Ground out 5-3 (Groundball, 5)
Batting: RHB Alfredo Mojica 0-0: Foul Ball, location: 2F
0-1: Ball
1-1: Foul Ball, location: 2F
1-2: DOUBLE (Line Drive, 78XD)
Batting: RHB Ismael Sandoval 0-0: Ball
1-0: Swinging Strike
1-1: Ball
2-1: Swinging Strike
2-2: Strikes out swinging, 2-3 out at first.
Batting: RHB Habbo Allaart 0-0: Ball
1-0: Ball
2-0: Ball
3-0: Called Strike
3-1: Swinging Strike
3-2: Foul Ball, location: 2F
3-2: Ground out 3-1 (Groundball, 34)
Bottom of the 2nd over - 0 run(s), 1 hit(s), 0 error(s), 1 left on base; Royse City 1 - Houston 2
TOP OF THE 3RD
Royse City Targaryens batting - Pitching for Houston BC : LHP Mike Owens
Batting: RHB José Cruz 0-0: Ball
1-0: Fly out, F7 (Flyball, 7)
Batting: RHB Jason Compton 0-0: Called Strike
0-1: Ball
1-1: Swinging Strike
1-2: Ball
2-2: Fly out, F9 (Flyball, 9S)
Batting: RHB Chriss Mann 0-0: DOUBLE (Flyball, 7LM)
Batting: RHB Javier Chávez 0-0: Ball
1-0: Ball
2-0: Ball
3-0: Base on Balls
Batting: LHB Gonzalo Álvarez 0-0: Called Strike
0-1: Ball
1-1: Foul Ball, location: 2F
1-2: SINGLE (Groundball, 4MD)
Chriss Mann to third
Javier Chávez to second
Runner from 3rd tries for Home, SAFE, no throw
Batting: LHB Terrence Eler 0-0: Ball
1-0: SINGLE (Groundball, 6D)
Javier Chávez to third
Gonzalo Álvarez to second
Runner from 3rd tries for Home, SAFE, throw made home
Batting: LHB Steven Mitchell 0-0: Called Strike
0-1: Swinging Strike
0-2: Ball
1-2: Foul Ball, location: 2F
1-2: Ball
2-2: Strikes out swinging
Top of the 3rd over - 2 run(s), 3 hit(s), 0 error(s), 2 left on base; Royse City 3 - Houston 2
BOTTOM OF THE 3RD
Houston BC batting - Pitching for Royse City Targaryens : RHP Enea Dini
Batting: LHB Stefan Vanderhoof 0-0: Ground out U3 (Groundball, 3)
Batting: RHB Joseph Gray 0-0: Ball
1-0: Foul Ball, location: 2F
1-1: Ground out 4-3 (Groundball, 34)
Batting: LHB Enrique Sánchez 0-0: Called Strike
0-1: Swinging Strike
0-2: Ball
1-2: Fly out, F7 (Line Drive, 78M)
Bottom of the 3rd over - 0 run(s), 0 hit(s), 0 error(s), 0 left on base; Royse City 3 - Houston 2
TOP OF THE 4TH
Royse City Targaryens batting - Pitching for Houston BC : LHP Mike Owens
Batting: RHB Fernando Rivera 0-0: Ground out 6-3 (Groundball, 6)
Batting: RHB Héctor Ruíz 0-0: Ball
1-0: Ball
2-0: Ball
3-0: Called Strike
3-1: Foul Ball, location: 2F
3-2: Ground out 5-3 (Groundball, 56)
Batting: RHB José Cruz 0-0: Ball
1-0: Called Strike
1-1: DOUBLE (Flyball, 9LM)
Batting: RHB Jason Compton 0-0: Called Strike
0-1: SINGLE (Flyball, 9S)
José Cruz to third
Runner from 3rd tries for Home, SAFE, no throw
Batting: RHB Chriss Mann 0-0: Ball
1-0: Ball
2-0: Called Strike
2-1: Foul Ball, location: 2F
2-2: Ball
3-2: Fly out, F4 (Line Drive, 4MD)
Top of the 4th over - 1 run(s), 2 hit(s), 0 error(s), 1 left on base; Royse City 4 - Houston 2
BOTTOM OF THE 4TH
Houston BC batting - Pitching for Royse City Targaryens : RHP Enea Dini
Batting: RHB Jesús Villalba 0-0: Ball
1-0: Fly out, F5 (Popup, 56S)
Batting: RHB José Muńóz 0-0: Ball
1-0: Called Strike
1-1: Ball
2-1: Ball
3-1: Base on Balls
Batting: RHB Felipe Jiménez 0-0: Ball
1-0: Fly out, F8 (Flyball, 8LS)
Batting: RHB Alfredo Mojica 0-0: Ball
1-0: Called Strike
1-1: Ball
2-1: Swinging Strike
2-2: Strikes out swinging
Bottom of the 4th over - 0 run(s), 0 hit(s), 0 error(s), 1 left on base; Royse City 4 - Houston 2
TOP OF THE 5TH
Royse City Targaryens batting - Pitching for Houston BC : LHP Mike Owens
Batting: RHB Javier Chávez 0-0: Ball
1-0: Ball
2-0: Foul Ball, location: 2F
2-1: SINGLE (Flyball, 89S)
Batting: LHB Gonzalo Álvarez 0-0: Ball
1-0: Called Strike
1-1: Swinging Strike
1-2: Strikes out swinging
Batting: LHB Terrence Eler 0-0: Fly out, F7 (Flyball, 7LM)
Batting: LHB Steven Mitchell 0-0: Ground out 4-3 (Groundball, 34)
Top of the 5th over - 0 run(s), 1 hit(s), 0 error(s), 1 left on base; Royse City 4 - Houston 2
BOTTOM OF THE 5TH
Houston BC batting - Pitching for Royse City Targaryens : RHP Enea Dini
Batting: RHB Ismael Sandoval 0-0: Foul Ball, location: 2F
0-1: Foul Ball, location: 2F
0-2: Ball
1-2: Ball
2-2: Ball
3-2: Foul Ball, location: 2F
3-2: SINGLE (Line Drive, 4D)
Batting: RHB Habbo Allaart 0-0: Ball
1-0: Sac Bunt - play at first, batter OUT! 1-4
Ismael Sandoval to second
Batting: LHB Stefan Vanderhoof 0-0: Called Strike
Ismael Sandoval is caught stealing 3rd base
0-1: Ball
1-1: Called Strike
1-2: Strikes out swinging
Bottom of the 5th over - 0 run(s), 1 hit(s), 0 error(s), 0 left on base; Royse City 4 - Houston 2
TOP OF THE 6TH
Royse City Targaryens batting - Pitching for Houston BC : LHP Mike Owens
Batting: RHB Fernando Rivera 0-0: Fly out, F6 (Line Drive, 6M)
Batting: RHB Héctor Ruíz 0-0: Foul Ball, location: 2F
0-1: Called Strike
0-2: Strikes out swinging
Batting: RHB José Cruz 0-0: Ball
1-0: Foul Ball, location: 2F
1-1: Foul Ball, location: 2F
1-2: Ball
2-2: SINGLE (Groundball, 6D)
Batting: RHB Jason Compton 0-0: Ball
José Cruz steals 2nd base
1-0: Fly out, F4 (Line Drive, 4)
Top of the 6th over - 0 run(s), 1 hit(s), 0 error(s), 1 left on base; Royse City 4 - Houston 2
BOTTOM OF THE 6TH
Houston BC batting - Pitching for Royse City Targaryens : RHP Enea Dini
Batting: RHB Joseph Gray 0-0: Fly out, F7 (Flyball, 78M)
Batting: LHB Enrique Sánchez 0-0: Ball
1-0: Ball
2-0: Ball
3-0: Base on Balls
Batting: RHB Jesús Villalba 0-0: Ball
1-0: Ball
2-0: Ball
3-0: Called Strike
3-1: Foul Ball, location: 2F
3-2: Fly out, F4 (Line Drive, 4)
Batting: RHB José Muńóz 0-0: Called Strike
0-1: Foul Ball, location: 2F
0-2: Ground out 1-3 (Groundball, P)
Bottom of the 6th over - 0 run(s), 0 hit(s), 0 error(s), 1 left on base; Royse City 4 - Houston 2
TOP OF THE 7TH
Royse City Targaryens batting - Pitching for Houston BC : LHP Mike Owens
Batting: RHB Chriss Mann 0-0: Foul Ball, location: 2F
0-1: SINGLE (Flyball, 8LS)
Pitching: RHP Arnout Els
Batting: RHB Javier Chávez 0-0: Ball
1-0: Foul Ball, location: 2F
1-1: Ball
2-1: Foul Ball, location: 2F
2-2: Foul Ball, location: 2F
2-2: Strikes out swinging
Batting: LHB Gonzalo Álvarez 0-0: Called Strike
0-1: Ball
1-1: Called Strike
1-2: Strikes out looking
Batting: LHB Terrence Eler 0-0: Called Strike
0-1: Fly out, F8 (Flyball, 8LD)
Top of the 7th over - 0 run(s), 1 hit(s), 0 error(s), 1 left on base; Royse City 4 - Houston 2
BOTTOM OF THE 7TH
Houston BC batting - Pitching for Royse City Targaryens : RHP Enea Dini
Batting: RHB Felipe Jiménez 0-0: Reached via error on a dropped throw, E3
Batting: RHB Alfredo Mojica 0-0: Ball
1-0: Sac Bunt - play at first, batter OUT! 1-3
Felipe Jiménez to second
Batting: RHB Ismael Sandoval 0-0: Called Strike
0-1: Swinging Strike
0-2: Ball
1-2: Strikes out looking
Batting: RHB Habbo Allaart 0-0: Fly out, F8 (Flyball, 78D)
Bottom of the 7th over - 0 run(s), 0 hit(s), 1 error(s), 1 left on base; Royse City 4 - Houston 2
TOP OF THE 8TH
Royse City Targaryens batting - Pitching for Houston BC : RHP Arnout Els
Batting: LHB Steven Mitchell 0-0: Ball
1-0: Fly out, F8 (Flyball, 89M)
Batting: RHB Fernando Rivera 0-0: Ball
1-0: Ground out 4-3 (Groundball, 4)
Batting: RHB Héctor Ruíz 0-0: Fly out, F8 (Flyball, 8RM)
Top of the 8th over - 0 run(s), 0 hit(s), 0 error(s), 0 left on base; Royse City 4 - Houston 2
BOTTOM OF THE 8TH
Houston BC batting - Pitching for Royse City Targaryens : RHP Enea Dini
Batting: LHB Stefan Vanderhoof 0-0: Ball
1-0: Ball
2-0: Fly out, F9 (Flyball, 9S)
Batting: RHB Joseph Gray 0-0: SINGLE (Groundball, 56D)
Batting: LHB Enrique Sánchez 0-0: Called Strike
0-1: Ball
1-1: Foul Ball, location: 2F
1-2: Strikes out looking
Batting: RHB Jesús Villalba 0-0: Foul Ball, location: 2F
0-1: Ball
1-1: Swinging Strike
1-2: Fielders Choice at 2nd, 4-6 (Groundball, 34)
Bottom of the 8th over - 0 run(s), 1 hit(s), 0 error(s), 0 left on base; Royse City 4 - Houston 2
TOP OF THE 9TH
Royse City Targaryens batting - Pitching for Houston BC : RHP Arnout Els
Batting: RHB José Cruz 0-0: Called Strike
0-1: Ball
1-1: Ground out 5-3 (Groundball, 56)
Batting: RHB Jason Compton 0-0: Called Strike
0-1: Ball
1-1: Fly out, F7 (Flyball, 78M)
Batting: RHB Chriss Mann 0-0: Ball
1-0: Ball
2-0: Ball
3-0: Called Strike
3-1: Called Strike
3-2: Base on Balls
Batting: RHB Javier Chávez 0-0: Ball
1-0: Foul Ball, location: 2F
1-1: Ball
2-1: Ball
3-1: Fly out, F4 (Flyball, 4MD)
Top of the 9th over - 0 run(s), 0 hit(s), 0 error(s), 1 left on base; Royse City 4 - Houston 2
BOTTOM OF THE 9TH
Houston BC batting - Pitching for Royse City Targaryens : RHP Enea Dini
Pitching: RHP Frank Castle
Batting: RHB José Muńóz 0-0: Reached via error on a dropped throw, E3
Pinch Hitting: RHB Alfonso Bocanegra 0-0: Ball
1-0: Ball
2-0: SINGLE (Popup, 3D)
José Muńóz to second
Runner from 2nd tries for 3rd, SAFE, throw made to third
Now at 2B: Felipe Campos
Batting: RHB Alfredo Mojica 0-0: Called Strike
0-1: Ball
1-1: Fly out, F8 (Line Drive, 8LM)
Runner from 3rd tags up, SCORES, throw made
Pinch Hitting: RHB Alfredo Rivera 0-0: Ball
1-0: Called Strike
1-1: Called Strike
1-2: Foul Ball, location: 2F
1-2: SINGLE (Groundball, 34D)
Alfonso Bocanegra to second
Runner from 2nd tries for 3rd, SAFE, no throw
Batting: RHB Habbo Allaart 0-0: Foul Ball, location: 2F
0-1: Called Strike
0-2: Ball
1-2: Fielders Choice at 2nd, 4-6 (Groundball, 4)
Alfonso Bocanegra scores
Now at SS: Corey Neace
Batting: LHB Stefan Vanderhoof 0-0: Fly out, F7 (Flyball, 7S)
Bottom of the 9th over - 2 run(s), 2 hit(s), 1 error(s), 1 left on base; Royse City 4 - Houston 4
TOP OF THE 10TH
Royse City Targaryens batting - Pitching for Houston BC : RHP Arnout Els
Pitching: RHP Katsuyoshi Takuda
Now at C: Orlando Padilla
Now at SS: António Rivera
Batting: LHB Gonzalo Álvarez 0-0: Swinging Strike
0-1: Ground out U3 (Groundball, 34S)
Batting: LHB Terrence Eler 0-0: Called Strike
0-1: Ball
1-1: Swinging Strike
1-2: Strikes out looking
Pinch Hitting: LHB José Vargas 0-0: Called Strike
0-1: Swinging Strike
0-2: Ball
1-2: Ball
2-2: Foul Ball, location: 2F
2-2: Ball
3-2: Base on Balls
Batting: RHB Felipe Campos 0-0: Ball
1-0: DOUBLE (Line Drive, 8LD)
José Vargas to third
Runner from 3rd tries for Home, SAFE, no throw
Pinch Hitting: LHB Sisto Pagnamenta 0-0: Foul Ball, location: 2F
0-1: Ball
1-1: Ball
2-1: Ball
3-1: Base on Balls
Pinch Hitting: LHB Jorge Garza 0-0: Ball
1-0: Swinging Strike
1-1: Ball
2-1: Ball
3-1: Base on Balls
Felipe Campos to third
Sisto Pagnamenta to second
Batting: SHB Corey Neace 0-0: SINGLE (Groundball, 56) (infield hit)
Felipe Campos scores
Sisto Pagnamenta to third
Jorge Garza to second
Batting: RHB Chriss Mann 0-0: Fielders Choice at 2nd, 6-4 (Groundball, 6)
Top of the 10th over - 2 run(s), 2 hit(s), 0 error(s), 2 left on base; Royse City 6 - Houston 4
BOTTOM OF THE 10TH
Houston BC batting - Pitching for Royse City Targaryens : RHP Frank Castle
Now at C: Jorge Garza
Now in LF: Sisto Pagnamenta
Now in RF: José Vargas
Batting: RHB Joseph Gray 0-0: Ball
1-0: Foul Ball, location: 2F
1-1: Ball
2-1: Ground out 5-3 (Groundball, 56S)
Batting: LHB Enrique Sánchez 0-0: Ball
1-0: Fly out, F4 (Popup, 4D)
Batting: RHB Jesús Villalba 0-0: Ball
1-0: Called Strike
1-1: Foul Ball, location: 2F
1-2: Ball
2-2: SINGLE (Line Drive, 8RM)
Batting: RHB José Muńóz 0-0: Called Strike
0-1: Ball
1-1: Ball
2-1: Foul Ball, location: 2F
2-2: Strikes out swinging
Bottom of the 10th over - 0 run(s), 1 hit(s), 0 error(s), 1 left on base; Royse City 6 - Houston 4
Monday, August 21st, 2017 - OOTP Baseball 17.12 Build 75